 Dungeon Crawl Stone Soup version 0.25-b1-46-gb8a1ec05df (webtiles) character file.

Game seed: 3925308341767539335

5569 Majang the Zephyrmancer (level 10, -1/58 HPs)
             Began as a Tengu Air Elementalist on June 9, 2020.
             Was a Priest of Vehumet.
             Slain by a manticore (13 damage)
             ... on level 8 of the Dungeon.
             The game lasted 01:02:20 (11314 turns).

Majang the Zephyrmancer (Tengu Air Elementalist)   Turns: 11314, Time: 01:02:20

Health: -1/58      AC:  3    Str: 10    XL:     10   Next: 72%
Magic:  21/23      EV: 22    Int: 18    God:    Vehumet [***...]
Gold:   94         SH:  0    Dex: 14    Spells: 8/25 levels left

rFire    . . .     SeeInvis .   b - +3 short sword (venom)
rCold    . . .     Gourm    .   (no shield)
rNeg     + . .     Faith    .   i - +1 robe
rPois    .         Spirit   .   (helmet restricted)
rElec    +         Reflect  .   (no cloak)
rCorr    .         Harm     .   (no gloves)
MR       .....                  (boots unavailable)
Stlth    ++........             p - amulet of the acrobat
HPRegen  0.19/turn              C - +4 ring of evasion
MPRegen  0.18/turn              w - ring "Kusiseb" {rElec rN+}

@: flying quickly and evasively, studying Stealth, quick
A: beak, talons 3, able to fly
a: Stop Flying, Renounce Religion


You were on level 8 of the Dungeon.
You worshipped Vehumet.
Vehumet was most pleased with you.
You were not hungry.

You visited 2 branches of the dungeon, and saw 9 of its levels.
You also visited: Sewer.

You collected 549 gold pieces.
You spent 455 gold pieces at shops.

Inventory:

Hand Weapons
 a - a +1 vorpal quarterstaff
 b - a +3 short sword of venom (weapon)
 A - a +4 short sword
 J - a +2 scimitar of venom
Armour
 i - a +1 robe (worn)
 I - the +1 ring mail of Uskayaw's Condemnation {rCorr Dex+4, unknown}
   (You found it on level 8 of the Dungeon)

   It affects your dexterity (+4).
   It provides partial protection from all sources of acid and corrosion.
Jewellery
 e - a cursed -4 ring of strength {unknown}
 j - an uncursed ring of fire
 p - an amulet of the acrobat (around neck)
 w - the ring "Kusiseb" (right hand) {rElec rN+}
   (You found it on level 5 of the Dungeon)

   [ring of positive energy]

   It insulates you from electricity.
   It protects you from negative energy.
 y - an uncursed ring of stealth
 C - a +4 ring of evasion (left hand)
 G - an uncursed ring of resist corrosion
Wands
 d - a wand of random effects (8)
 r - a wand of flame (18)
 B - a wand of iceblast (6)
 D - a wand of acid (12)
Scrolls
 f - a scroll of amnesia
 g - 3 scrolls of teleportation
 m - 2 scrolls of enchant weapon {unknown}
 n - a scroll of fear {unknown}
 t - a scroll of noise {unknown}
 v - a scroll of blinking {unknown}
 x - 4 scrolls of remove curse {unknown}
 E - a scroll of enchant armour
 H - a scroll of vulnerability {unknown}
Potions
 l - a potion of mutation {unknown}
 o - a potion of flight
 q - a potion of might {unknown}
 s - a potion of resistance
 u - a potion of haste
 z - a potion of lignification {unknown}
 F - a potion of curing {unknown}
Books
 k - a manual of Stealth
Comestibles
 c - 14 rations


   Skills:
 + Level 4.6 Fighting
 + Level 5.0 Staves
 + Level 5.8 Dodging
 - Level 2.0 Stealth
 * Level 8.3 Spellcasting
 + Level 8.0 Conjurations
 + Level 2.8 Fire Magic
 + Level 9.0 Air Magic
 + Level 3.5 Evocations


You had 8 spell levels left.
You knew the following spells:

 Your Spells              Type           Power        Failure   Level  Hunger
a - Airstrike             Air            #####.....   1%          4    ###....
b - Lightning Bolt        Conj/Air       #####.....   2%          5    #####..
d - Static Discharge      Conj/Air       #####...     1%          3    None
n - Sticky Flame          Conj/Fire      ####....     2%          4    ###....
s - Shock                 Conj/Air       ####         1%          1    None

Your spell library contained the following spells:

 Spells                   Type           Power        Failure   Level  Hunger
 Searing Ray              Conj           #####.       1%          2    None
 Foxfire                  Conj/Fire      ####         1%          1    None
 Conjure Flame            Conj/Fire      ####....     1%          3    None
 Dazzling Flash           Conj/Hex       ###...       1%          3    None
 Corpse Rot               Necr/Air       N/A          2%          2    None
 Swiftness                Chrm/Air       ###.....     2%          2    None
 Inner Flame              Hex/Fire       ##......     4%          3    None
 Fireball                 Conj/Fire      ####......   8%          5    #####..
 Corona                   Hex            #......      10%         1    None
 Ensorcelled Hibernation  Hex/Ice        #.....       14%         2    None
 Sublimation of Blood     Necr           #.........   14%         2    None
 Confusing Touch          Hex            #.......     28%         3    None
 Tukima's Dance           Hex            #.......     28%         3    None
 Dispel Undead            Necr           #.......     67%         4    ###....
 Agony                    Necr           #.......     95%         5    #####..
 Excruciating Wounds      Chrm/Necr      #.........   95%         5    #####..


Dungeon Overview and Level Annotations

Branches:
Dungeon (8/15)             Temple (1/1) D:7           Sewer (visited)
   Lair: D:8-11

Altars:
Ashenzari
Cheibriados
Dithmenos
Elyvilon
Fedhas
Gozag
Hepliaklqana
Kikubaaqudgha
Makhleb
Nemelex Xobeh
Okawaru
Qazlal
Ru
Sif Muna
Trog
Uskayaw
Vehumet
Wu Jian
Yredelemnul
Zin
The Shining One

Shops:
D:6 :


Innate Abilities, Weirdness & Mutations

You have a beak for a mouth.
You have claws for feet.
You can fly continuously.


Message History

The manticore misses you.
The manticore claws you but does no damage.
The manticore barely misses you.
Casting: Shock (safe; 1% risk of failure)
Confirm with . or Enter, or press ? or * to list all spells.
Aiming: Shock (safe; 1% risk of failure)
Press: ? - help, Shift-Dir - straight line The zap hits the manticore!
The manticore is moderately wounded.
The zap hits the manticore!
The manticore is heavily wounded.
The manticore bites you! The manticore claws you. The manticore claws you!
* * * LOW HITPOINT WARNING * * *
Okay, then.
You hit the manticore but do no damage. You claw the manticore.
You peck the manticore.
The manticore is heavily wounded.
The manticore completely misses you. The manticore misses you.
The manticore claws you!
You die...

..##..#..#.##..#.#..##H..#
#..#....##.#...#...##.#..#
##.....####..#.#..##..#..#
.###.....###...#.##..#
...##.#.#.###..###..#
..##)......###.....
.##.###.###.####.#
.#..#)#.#.#..#.H#######.
.##.##...##.##..@.......
.......8.......##.......
.##.##...##.##.# ...(...
.#..#)#.#.#..#.# .......
.##.###.###.##.# .......
..##.......##..# ?......
.. ##.#.#.## .## .......
.. ###.### . ....... # ...


You could see a manticore (very poisoned).

Vanquished Creatures
  An unseen horror (D:8)
  A manticore (D:8)
  A kobold demonologist (D:8)
  A hornet (D:8)
  A hippogriff (D:8)
  Eustachio (D:3)
  A hungry ghost (D:7)
  Menkaure (D:4)
  3 ice beasts
  3 orc warriors
  A necrophage (D:8)
  3 ogres (D:8)
  4 centaurs
  A crocodile (Sewer)
  3 big kobolds
  A bullfrog (D:8)
  3 scorpions
  9 killer bees (D:8)
  3 wights (D:6)
  3 crimson imps
  A bullfrog skeleton (D:8)
  5 hounds
  2 jellies
  An orc priest (D:8)
  Jessica (D:2)
  2 iguanas
  4 orc wizards
  6 worker ants
  A killer bee zombie (D:7)
  A hound zombie (D:8)
  2 hound skeletons (D:4)
  2 howler monkey zombies
  2 worker ant zombies
  Robin (D:2)
  3 gnolls (D:4)
  7 adders
  2 river rats (D:3)
  An ooze (D:1)
  An adder skeleton (D:6)
  An adder zombie (D:7)
  4 worms
  3 dart slugs
  5 leopard geckos
  30 orcs
  5 bats
  5 giant cockroaches
  7 hobgoblins
  4 jackals
  A quokka (D:4)
  A ball python (D:3)
  5 frilled lizards
  18 goblins
  23 kobolds
  A leopard gecko skeleton (D:4)
  7 rats
210 creatures vanquished.

Vanquished Creatures (others)
  A centaur warrior (D:8)
1 creature vanquished.

Grand Total: 211 creatures vanquished

Notes
Turn   | Place    | Note
-------+----------+-------------------------------------------
     0 | D:1      | Majang the Tengu Air Elementalist began the quest for the
                  | Orb.
     0 | D:1      | Reached XP level 1. HP: 10/10 MP: 4/4
   366 | D:1      | Reached XP level 2. HP: 15/15 MP: 1/6
  1040 | D:2      | Found a hide-covered altar of Uskayaw.
  1250 | D:2      | Reached XP level 3. HP: 19/19 MP: 8/8
  1511 | D:2      | Noticed Robin
  1573 | D:2      | Noticed Jessica
  1586 | D:2      | Killed Jessica
  1586 | D:2      | Reached XP level 4. HP: 11/24 MP: 7/9
  1774 | D:2      | Killed Robin
  1974 | D:2      | Found a bloodstained altar of Trog.
  2310 | D:3      | Reached skill level 5 in Air Magic
  2310 | D:3      | Gained mutation: You can fly continuously. [Tengu growth]
  2310 | D:3      | Reached XP level 5. HP: 28/28 MP: 8/11
  2416 | D:3      | Found a glowing drain.
  2592 | Sewer    | Entered a sewer
  2658 | Sewer    | Noticed a crocodile
  2665 | Sewer    | Learned a level 4 spell: Airstrike
  2687 | Sewer    | Killed a crocodile
  2687 | Sewer    | Reached XP level 6. HP: 30/32 MP: 10/13
  2987 | D:3      | Found a blossoming altar of Fedhas.
  3440 | D:3      | Found a radiant altar of Vehumet.
  3447 | D:3      | Found a shimmering blue altar of Sif Muna.
  3454 | D:3      | Became a worshipper of Vehumet
  3651 | D:4      | Found a stormy altar of Qazlal.
  3704 | D:4      | Learned a level 3 spell: Static Discharge
  4019 | D:4      | Noticed Menkaure
  4019 | D:4      | Noticed Eustachio
  4073 | D:3      | Killed Eustachio
  4073 | D:3      | Reached skill level 6 in Air Magic
  4192 | D:4      | Killed Menkaure
  4192 | D:4      | Reached skill level 5 in Spellcasting
  4192 | D:4      | Reached XP level 7. HP: 36/36 MP: 11/15
  4199 | D:4      | Learned a level 5 spell: Lightning Bolt
  4289 | D:4      | Reached skill level 5 in Conjurations
  5010 | D:4      | Reached skill level 1 in Fighting
  5046 | D:4      | Reached skill level 1 in Staves
  5341 | D:4      | Reached * piety under Vehumet
  5341 | D:4      | Offered knowledge of Freeze by Vehumet.
  5365 | D:5      | Entered Level 5 of the Dungeon
  5767 | D:5      | Reached XP level 8. HP: 43/43 MP: 10/17
  6000 | D:5      | Got a shimmering marble ring
  6010 | D:5      | Found a bloodstained altar of Trog.
  6870 | D:6      | Reached skill level 7 in Air Magic
  6976 | D:6      | Found Esuen's Book Emporium.
  7053 | D:6      | Found an ornate altar of the Wu Jian Council.
  7814 | D:6      | Found a burning altar of Makhleb.
  7941 | D:7      | Reached XP level 9. HP: 47/49 MP: 12/20
  8232 | D:7      | Identified the ring "Kusiseb" {rElec rN+} (You found it on
                  | level 5 of the Dungeon)
  8324 | D:7      | Offered knowledge of Sandblast by Vehumet.
  8406 | D:7      | Reached ** piety under Vehumet
  8414 | D:7      | Reached skill level 1 in Evocations
  8458 | D:7      | Found a white marble altar of Elyvilon.
  8548 | D:7      | Found a basalt altar of Yredelemnul.
  8585 | D:7      | Found a staircase to the Ecumenical Temple.
  8594 | Temple   | Entered the Ecumenical Temple
  8877 | D:7      | Found a white marble altar of Elyvilon.
  8877 | D:7      | Found a glowing golden altar of the Shining One.
  8878 | D:7      | Found a glowing silver altar of Zin.
  9019 | D:8      | Reached skill level 8 in Air Magic
  9510 | D:6      | Bought a book of Flames for 455 gold pieces
  9515 | D:6      | Learned a level 4 spell: Sticky Flame
  9855 | D:8      | Offered knowledge of Searing Ray by Vehumet.
  9866 | D:8      | Reached skill level 5 in Dodging
  9866 | D:8      | Reached skill level 1 in Fire Magic
 10118 | D:8      | Noticed a kobold demonologist
 10120 | D:8      | Noticed a soul eater
 10362 | D:8      | Killed an unseen horror
 10362 | D:8      | Reached XP level 10. HP: 34/56 MP: 12/22
 10534 | D:8      | Killed a kobold demonologist
 10612 | D:8      | Identified the cursed +0 ring mail "Ykaklate" {Str+5}
 10668 | D:8      | Noticed a centaur warrior
 10670 | D:8      | Noticed a manticore
 10686 | D:8      | Killed a centaur warrior
 10687 | D:8      | Noticed a kobold demonologist
 10997 | D:8      | Noticed a manticore
 11112 | D:8      | Got a masterwork ring mail
 11142 | D:8      | Killed a manticore
 11142 | D:8      | Reached skill level 5 in Staves
 11142 | D:8      | Reached skill level 9 in Air Magic
 11144 | D:8      | Reached *** piety under Vehumet
 11314 | D:8      | Slain by a manticore

Illustrated notes

Levels and vault maps discovered:
D:1:      mrwooster_arrival_arrow, layout_rooms
D:2:      layout_basic, lemuel_round_altar, lightli_temple_of_fire, uniq_robin,
          uniq_jessica
D:3:      layout_basic, amethyst_overflow_temple_binary, first_ration,
          portal_sewer_entry_c, small_statue_intersection, serial_park_tiny_1,
          st_stairs_11, fedhas_altar_2
D:4:      layout_basic, nicolae_qazlal_general_emergency, uniq_menkaure,
          uniq_eustachio
D:5:      layout_basic, trog_hazing_becter
D:6:      layout_rooms, makhleb_grotto_becter, kennysheep_little_box,
          serial_shops, shop, roderic_serpentine_path
D:7:      layout_basic, good_gods_temple_1, lemuel_crystal_altar,
          lemuel_temple_firewalk_b, basic_altar, patterned_corridor
D:8:      minmay_the_grid_octo_triangle [minmay_the_grid_octo_pinwheel,
          minmay_the_grid_octo_prize_square_snowflake, minmay_the_grid_octo_77],
          layout_basic, marbit_many_paths, blue_anna_alchemist
          [blue_anna_fruit_fields, blue_anna_fruit_fields]
Temple:   jpeg_temple_alley_garden

Skill      XL: |  1  2  3  4  5  6  7  8  9 10 |
---------------+-------------------------------+-----
Conjurations   | 2 3 4 5 6 7 8 |  8.0
Spellcasting   | 3 4 5 6 7 8 |  8.3
Air Magic      | 5 6 7 8 9 |  9.0
Fighting       | 1 2 4 |  4.6
Staves         | 1 3 4 5 |  5.0
Dodging        | 4 5 |  5.8
Evocations     | 2 3 |  3.5
Fire Magic     | 1 2 |  2.8
Stealth        | |  2.0

Action                   |  1- 3 |  4- 6 |  7- 9 | 10-12 || total
-------------------------+-------+-------+-------+-------++-------
Melee: Short sword       |    42 |    60 |    73 |    18 ||   193
       Kick              |     5 |    12 |    21 |     6 ||    44
       Peck              |     4 |     8 |    15 |     7 ||    34
       Quarterstaff      |       |       |    36 |     6 ||    42
 Cast: Shock             |    19 |    36 |   175 |    32 ||   262
       Static Discharge  |       |     1 |    35 |    13 ||    49
       Airstrike         |       |     1 |    19 |     5 ||    25
       Sticky Flame      |       |       |     1 |       ||     1
 Abil: Fly               |       |     1 |       |       ||     1
Evoke: Wand              |       |       |     1 |       ||     1
  Use: Potion            |     1 |       |     3 |     2 ||     6
       Scroll            |       |     6 |     3 |       ||     9
 Stab: Sleeping          |       |       |     6 |       ||     6
  Eat: Chunk             |     2 |     7 |    19 |     4 ||    32
       Ration            |       |     1 |       |       ||     1
Armor: Robe              |     8 |     3 |    17 |     5 ||    33
Dodge: Dodged            |    31 |    45 |   162 |    52 ||   290
